 Dungeon Crawl Stone Soup version 0.17-a0-1572-g7a1422d (webtiles) character file.

8631 carl the Covert (level 11, 0/47 HPs)
             Began as a Spriggan Enchanter on July 24, 2015.
             Was a Priest of Kikubaaqudgha.
             Killed from afar by an electric eel (10 damage)
             ... with a bolt of electricity
             ... on level 9 of the Dungeon.
             The game lasted 00:32:57 (14848 turns).

carl the Covert (Spriggan Enchanter)               Turns: 14848, Time: 00:32:57

Health: 0/47       AC:  5    Str:  8    XL:     11   Next: 12%
Magic:  23/24      EV: 28    Int: 29    God:    Kikubaaqudgha [***...]
Gold:   738        SH:  0    Dex: 19    Spells: 2 memorised, 21 levels left

rFire  . . .     SeeInvis +     F - +5 dagger "Wawelag" {elec, Str+4}
rCold  . . .     Clarity  .     b - +2 robe
rNeg   + . .     SustAt   .     (shield restricted)
rPois  .         Gourm    .     (helmet restricted)
rElec  .         Spirit   .     N - +0 cloak of Catatonia {rN+ MR+}
rCorr  .         Warding  .     (gloves unavailable)
rMut   .         Rnd*Tele +     (boots unavailable)
MR     ++...                    (no amulet)
Stlth  +++.......               S - ring "Waid" {+/*Tele Int+8 Dex+3}
                                w - ring of wizardry

@: very quick, very resistant to hostile enchantments, fairly stealthy
A: unfitting armour, see invisible, herbivore 3, speed 3, slow metabolism 2
a: Receive Corpses, Renounce Religion, Evoke Teleportation


You were on level 9 of the Dungeon.
You worshipped Kikubaaqudgha.
Kikubaaqudgha was most pleased with you.
You were not hungry.

You visited 3 branches of the dungeon, and saw 12 of its levels.
You also visited: Ossuary.

You collected 738 gold pieces.

Inventory:

Hand weapons
 y - a +2 short sword of speed
 F - the +5 dagger "Wawelag" (weapon) {elec, Str+4}
   (You took it off a kobold on level 6 of the Dungeon)

   Occasionally, upon striking a foe, it will discharge some electrical energy
   and cause terrible harm.
   It affects your strength (+4).
 J - a +0 dagger of venom
Missiles
 v - 5 needles of confusion
 z - 27 poisoned needles
 E - a throwing net (quivered)
Armour
 b - a +2 robe (worn)
 p - a +0 buckler
 N - the +0 cloak of Catatonia (worn) {rN+ MR+}
   (You found it on level 1 of the Lair of Beasts)

   It protects you from negative energy.
   It affects your resistance to hostile enchantments.
Jewellery
 w - a ring of wizardry (left hand)
 I - an uncursed ring of invisibility
 S - the ring "Waid" (right hand) {+/*Tele Int+8 Dex+3}
   (You found it on level 9 of the Dungeon)

   [ring of teleportation]

   It may teleport you to nearby monsters, and can be evoked to randomly
   teleport.
   It affects your intelligence (+8).
   It affects your dexterity (+3).
Magical devices
 Q - a wand of draining (6)
Scrolls
 e - 4 scrolls of teleportation
 g - 6 scrolls of enchant armour
 h - 2 scrolls of magic mapping {unknown}
 i - 15 scrolls of identify {unknown}
 j - a scroll of fog {unknown}
 m - 3 scrolls of amnesia
 s - 3 scrolls of random uselessness {unknown}
 t - 8 scrolls of remove curse
 C - 5 scrolls of noise {unknown}
 D - a scroll of acquirement {unknown}
 G - a scroll of fear {unknown}
 P - a scroll of enchant weapon {unknown}
Potions
 f - 3 potions of flight {unknown}
 l - 8 potions of curing
 n - 2 potions of magic {unknown}
 o - 2 potions of cure mutation {unknown}
 q - 2 potions of degeneration {unknown}
 u - 5 potions of heal wounds {unknown}
 x - 2 potions of resistance {unknown}
 A - a potion of experience {unknown}
 B - 5 potions of agility {unknown}
 H - a potion of might {unknown}
 T - 2 potions of haste
Books
 a - Kikubaaqudgha's Papyrus of Dark Rites
   (Kikubaaqudgha gifted it to you on level 7 of the Dungeon)

   Spells                             Type                      Level
   a - Animate Skeleton               Necromancy                   1
   b - Corpse Rot                     Necromancy                   2
   c - Sublimation of Blood           Necromancy                   2
   d - Regeneration                   Charms/Necromancy            3
   e - Control Undead                 Necromancy                   4
 c - a book of Maledictions

   Spells                             Type                      Level
   a - Corona                         Hexes                        1
   b - Ensorcelled Hibernation        Hexes/Ice                    2
   c - Confuse                        Hexes                        3
   d - Tukima's Dance                 Hexes                        3
   e - Dazzling Spray                 Conjuration/Hexes            3
 k - a Necronomicon

   Spells                             Type                      Level
   a - Haunt                          Necromancy/Summoning         7
   b - Borgnjor's Revivification      Necromancy                   8
   c - Death's Door                   Charms/Necromancy            8
   d - Necromutation                  Transmutation/Necromancy     8
 r - a book of Burglary

   Spells                             Type                      Level
   a - Swiftness                      Charms/Air                   2
   b - Passwall                       Transmutation/Earth          3
   c - Passage of Golubria            Translocation                4
   d - Lee's Rapid Deconstruction     Earth                        5
   e - Invisibility                   Hexes                        6
   f - Darkness                       Hexes                        7
 K - a book of Transfigurations

   Spells                             Type                      Level
   a - Stoneskin                      Transmutation/Earth          2
   b - Irradiate                      Conjuration/Transmutation    5
   c - Statue Form                    Transmutation/Earth          6
   d - Hydra Form                     Transmutation                6
   e - Dragon Form                    Transmutation                7
 L - a book of Minor Magic

   Spells                             Type                      Level
   a - Magic Dart                     Conjuration                  1
   b - Blink                          Translocation                2
   c - Call Imp                       Summoning                    2
   d - Repel Missiles                 Charms/Air                   2
   e - Slow                           Hexes                        2
   f - Conjure Flame                  Conjuration/Fire             3
   g - Mephitic Cloud                 Conjuration/Poison/Air       3
 M - a book of Spatial Translocations

   Spells                             Type                      Level
   a - Apportation                    Translocation                1
   b - Blink                          Translocation                2
   c - Shroud of Golubria             Charms/Translocation         2
   d - Portal Projectile              Translocation                3
   e - Teleport Other                 Translocation                3
   f - Passage of Golubria            Translocation                4
 O - a book of the Sky

   Spells                             Type                      Level
   a - Summon Lightning Spire         Summoning/Air                4
   b - Airstrike                      Air                          4
   c - Silence                        Hexes/Air                    5
   d - Deflect Missiles               Charms/Air                   6
   e - Conjure Ball Lightning         Conjuration/Air              6
   f - Tornado                        Air                          9
 R - Kikubaaqudgha's Catalogue of Stolen Souls
   (Kikubaaqudgha gifted it to you on level 2 of the Lair of Beasts)

   Spells                             Type                      Level
   a - Animate Dead                   Necromancy                   4
   b - Excruciating Wounds            Charms/Necromancy            5
   c - Dispel Undead                  Necromancy                   5
   d - Simulacrum                     Ice/Necromancy               6
   e - Death Channel                  Necromancy                   6
Comestibles
 d - 2 bread rations


   Skills:
 - Level 5.0 Short Blades
 + Level 10.6 Dodging
 + Level 13.3 Stealth
 - Level 8.0 Spellcasting
 - Level 9.0 Hexes
 - Level 5.0 Necromancy
 - Level 5.0 Ice Magic


You had 21 spell levels left.
You knew the following spells:

 Your Spells              Type           Power        Failure   Level  Hunger
b - Ensorcelled Hibernat  Hex/Ice        ######       1%          2    None
c - Confuse               Hex            ######..     1%          3    None


Dungeon Overview and Level Annotations

Branches:
Dungeon (9/15)             Temple (1/1) D:5            Lair (2/8) D:8
    Orc: D:9-12

Altars:
Ashenzari
Cheibriados
Dithmenos
Elyvilon
Fedhas
Gozag
Kikubaaqudgha
Makhleb
Okawaru
Sif Muna
Trog
Xom
Yredelemnul
Zin
The Shining One

Shops:
D:3 *   D:9 [

Annotations:
D:4 Menkaure
D:7 utis's ghost, experienced TeFi


Innate Abilities, Weirdness & Mutations

You are tiny and cannot use many weapons and most armour.
You have supernaturally acute eyesight.
You are a herbivore.
You cover ground extremely quickly.
You need consume almost no food.


Message History

Kikubaaqudgha accepts your kill.
You are engulfed in a cloud of scalding steam.
* * * LOW HITPOINT WARNING * * *
Unknown command.
The electric eel shoots out a bolt of lightning at you!
The bolt of electricity hits you!
* * * LOW HITPOINT WARNING * * *
You start resting.
An electric eel comes into view.
You see here a stone.
You start resting.
You are suddenly yanked towards a nearby monster!
Your surroundings suddenly seem different.
Splash!
You fall into the shallow water.
Moving in this stuff is going to be slow.
The electric eel shoots out a bolt of lightning at you!
The bolt of electricity hits you!
You die...
Kikubaaqudgha rasps: "You have failed me!
Welcome... death!"

≈≈≈≈≈≈≈≈≈#[.# #.# ≈#
≈≈≈≈≈≈≈≈;##.# #.# ≈≈≈ .
≈≈≈≈≈≈≈≈≈##.####.##≈≈ ≈
≈≈≈≈≈≈≈≈........≈≈..≈ ≈.
≈≈≈≈≈≈≈≈.###.##≈≈≈≈##≈##
≈≈≈≈ #.#≈≈≈≈≈≈.... ≈≈≈
#.≈≈≈≈≈≈≈≈## ≈≈
##≈≈≈≈≈≈≈≈≈≈## ≈
#≈≈≈≈≈@≈≈≈≈≈..
..≈;≈≈≈≈≈≈≈≈≈≈##
###≈≈≈≈≈≈≈≈≈≈≈≈#
##≈≈≈≈≈≈≈≈≈≈≈#
#..≈≈≈≈≈≈≈≈≈≈#
#.##≈≈≈≈≈≈≈≈## #.
##≈≈≈≈≈≈.# #.≈≈≈≈#.#


You could see an electric eel.

Vanquished Creatures
  A black mamba (Lair:1)
  2 spiny frogs (Lair:2)
  A komodo dragon (Lair:1)
  2 fire drakes (Lair:2)
  13 yaks (Lair:2)
  2 basilisks (Lair:2)
  A steam dragon (D:9)
  A wolf (Lair:2)
  A hungry ghost (D:9)
  2 hippogriffs
  An ice beast (D:9)
  6 porcupines
  3 water moccasins
  A sky beast (D:7)
  A phantom (D:8)
  A centaur (D:8)
  2 crocodiles
  An ogre (D:7)
  A big kobold (D:7)
  6 giant frogs
  A gnoll sergeant (D:8)
  2 scorpions
  A water moccasin zombie (D:5)
  2 troll zombies (Ossuary)
  4 killer bees (D:9)
  5 wights (D:7)
  An electric eel (D:9)
  3 centaur zombies
  2 giant frog zombies (D:8)
  3 hounds
  A crimson imp (D:6)
  4 orc priests
  5 orc wizards
  5 iguanas
  8 worker ants
  An ogre zombie (Ossuary)
  6 mummies (Ossuary)
  13 adders
  5 gnolls (D:8)
  22 river rats (Lair:2)
  An ooze (D:6)
  3 adder zombies (Ossuary)
  4 worms
  4 giant geckos
  30 orcs
  6 giant cockroaches
  A gnoll zombie (Ossuary)
  13 goblins
  9 hobgoblins
  12 kobolds
  7 quokkas
  A ball python (D:1)
  19 bats
  A giant gecko skeleton (D:4)
  3 giant newts
  A goblin zombie (Ossuary)
  7 hobgoblin zombies (Ossuary)
  10 jackals
  4 kobold zombies (Ossuary)
  9 quokka zombies
  8 rats
  A rat zombie (Ossuary)
297 creatures vanquished.

Vanquished Creatures (others)
  3 fungi (Lair:2)
  A plant (Lair:2)
4 creatures vanquished.

Grand Total: 301 creatures vanquished

Notes
Turn   | Place    | Note
--------------------------------------------------------------
     0 | D:1      | carl the Spriggan Enchanter began the quest for the Orb.
     0 | D:1      | Reached XP level 1. HP: 9/9 MP: 5/5
   479 | D:1      | Reached XP level 2. HP: 13/13 MP: 6/6
   486 | D:1      | Learned a level 2 spell: Ensorcelled Hibernation
   901 | D:2      | Reached skill level 5 in Stealth
  1177 | D:2      | Reached XP level 3. HP: 14/16 MP: 6/8
  1296 | D:2      | Found an opulent altar of Gozag.
  1296 | D:2      | Found a shimmering altar of Xom.
  2512 | D:2      | Reached XP level 4. HP: 2/21 MP: 1/9
  2584 | D:2      | Reached skill level 6 in Stealth
  2800 | D:2      | Learned a level 3 spell: Confuse
  3176 | D:3      | Reached XP level 5. HP: 6/24 MP: 2/10
  3461 | D:3      | Found Gozag's Platinum Reserve.
  3464 | D:3      | Found an opulent altar of Gozag.
  3770 | D:4      | Reached skill level 7 in Stealth
  4541 | D:4      | Reached XP level 6. HP: 21/28 MP: 4/11
  4642 | D:4      | Noticed Menkaure
  4650 | D:4      | Found a snail-covered altar of Cheibriados.
  4656 | D:5      | Entered Level 5 of the Dungeon
  4985 | D:5      | Found a staircase to the Ecumenical Temple.
  4990 | D:5      | Reached skill level 5 in Short Blades
  4999 | Temple   | Entered the Ecumenical Temple
  5004 | Temple   | Became a worshipper of Kikubaaqudgha
  5220 | D:5      | Found a white marble altar of Elyvilon.
  5279 | D:5      | Found a basalt altar of Yredelemnul.
  5360 | D:5      | Reached skill level 8 in Stealth
  5856 | D:5      | Found a glowing golden altar of the Shining One.
  5868 | D:5      | Reached skill level 9 in Stealth
  6050 | D:6      | Found a sand-covered staircase.
  6218 | Ossuary  | Entered an ossuary
  6426 | Ossuary  | Reached skill level 10 in Stealth
  6426 | Ossuary  | Reached XP level 7. HP: 32/32 MP: 0/12
  6927 | Ossuary  | Reached skill level 11 in Stealth
  7466 | D:6      | Found a shadowy altar of Dithmenos.
  7614 | D:6      | Got a smoking dagger
  7615 | D:6      | Identified the +5 dagger "Wawelag" {elec, Str+4} (You took it off a kobold on level 6 of the Dungeon)
  8214 | D:7      | Reached skill level 5 in Spellcasting
  8219 | D:7      | Reached XP level 8. HP: 36/36 MP: 16/16
  8247 | D:7      | Noticed utis's ghost (experienced TeFi)
  8744 | D:7      | Reached skill level 5 in Hexes
  8953 | D:7      | Acquired Kikubaaqudgha's first power
  8953 | D:7      | Received a gift from Kikubaaqudgha
  8956 | D:7      | Identified Kikubaaqudgha's Papyrus of Dark Rites (Kikubaaqudgha gifted it to you on level 7 of the Dungeon)
 10041 | D:8      | Reached skill level 1 in Ice Magic
 10057 | D:8      | Reached skill level 1 in Necromancy
 10288 | D:8      | Reached XP level 9. HP: 30/39 MP: 17/22
 10414 | D:8      | Acquired Kikubaaqudgha's second power
 10988 | D:8      | Found a staircase to the Lair.
 11348 | Lair:1   | Entered Level 1 of the Lair of Beasts
 11358 | Lair:1   | Got an ancient cloak
 11369 | Lair:1   | Identified the +0 cloak of Catatonia {rN+ MR+} (You found it on level 1 of the Lair of Beasts)
 11377 | Lair:1   | Noticed a black mamba
 11384 | Lair:1   | Killed a black mamba
 11515 | Lair:1   | Noticed a komodo dragon
 11522 | Lair:1   | Killed a komodo dragon
 12067 | Lair:2   | Reached XP level 10. HP: 36/44 MP: 23/23
 12214 | Lair:2   | Noticed a spiny frog
 12222 | Lair:2   | Killed a spiny frog
 12222 | Lair:2   | Reached skill level 5 in Necromancy
 12368 | Lair:2   | Reached skill level 5 in Dodging
 12371 | Lair:2   | Reached skill level 5 in Ice Magic
 12572 | Lair:2   | Noticed a spiny frog
 12572 | Lair:2   | Noticed a fire drake
 12578 | Lair:2   | Killed a fire drake
 12583 | Lair:2   | Killed a spiny frog
 12932 | Lair:2   | Received a gift from Kikubaaqudgha
 12932 | Lair:2   | Reached skill level 12 in Stealth
 12933 | Lair:2   | Identified Kikubaaqudgha's Catalogue of Stolen Souls (Kikubaaqudgha gifted it to you on level 2 of the Lair of Beasts)
 13088 | Lair:2   | Noticed a fire drake
 13095 | Lair:2   | Killed a fire drake
 13262 | Lair:2   | Reached skill level 10 in Dodging
 13602 | Lair:2   | Reached XP level 11. HP: 47/47 MP: 24/24
 13982 | D:9      | Found Gexkeymn's Antique Armour Emporium.
 14037 | D:9      | Got a sparkling pewter ring
 14039 | D:9      | Identified the ring "Waid" {+/*Tele Int+8 Dex+3} (You found it on level 9 of the Dungeon)
 14062 | D:9      | Reached skill level 13 in Stealth
 14096 | D:9      | Found a blossoming altar of Fedhas.
 14848 | D:9      | Killed from afar by an electric eel

Vault maps used:
D:1:      minmay_arrival_up_and_down
D:2:      gammafunk_temple_overflow_elements
D:3:      first_bread, nicolae_gozag_zags_fifth_avenue
D:4:      cheibriados_altar_1, uniq_menkaure
D:5:      lemuel_coloured_pillars_altar, elyvilon_altar_4,
          minmay_temple_entry_trees, tso_altar
D:6:      nicolae_ossuary_entry_ruins, nicolae_dithmenos_the_darkroom
D:8:      lair_0_dummy
D:9:      lemuel_crystal_altar, serial_shops, shop_coins, shop
Temple:   circular_temple_13
Lair:1:   st_stairs_7
Ossuary:  ossuary_boxes_badplayer

Action                   |  1- 3 |  4- 6 |  7- 9 | 10-12 || total
-------------------------+-------+-------+-------+-------++-------
Melee: Dagger            |   140 |     3 |   256 |   160 ||   559
       Short sword       |       |   167 |    95 |       ||   262
 Cast: Ensorcelled Hiber |    13 |    40 |    18 |    60 ||   131
       Confuse           |       |    13 |    47 |     2 ||    62
 Abil: Evoke Teleportati |       |       |       |     1 ||     1
  Use: Scroll            |       |       |     4 |     1 ||     5
       Potion            |       |       |       |     1 ||     1
 Stab: Sleeping          |    15 |    33 |    61 |    42 ||   151
       Distracted        |       |     2 |     1 |     3 ||     6
       Confused          |       |     7 |    12 |     1 ||    20
  Eat: Bread ration      |       |     2 |     1 |       ||     3
       Fruit             |       |       |     2 |       ||     2
       Pizza             |       |       |     1 |       ||     1
